 Dungeon Crawl Stone Soup version 0.27-a0-920-gb2bd10914a (webtiles) character file.

Game seed: 8374865130284528549

434256 tilp the Slayer (level 23, -3/126 HPs)
             Began as a Vine Stalker Brigand on Apr 8, 2021.
             Was the Champion of Hepliaklqana.
             Splashed by a tengu reaver's acid (11 damage)
             ... led by Sojobo
             ... on level 1 of the Crypt on Apr 9, 2021.
             The game lasted 02:25:18 (50876 turns).

tilp the Slayer (Vine Stalker Brigand)             Turns: 50876, Time: 02:25:20

Health: -3/126     AC: 24    Str: 23    XL:     23   Next: 98%
Magic:  0/33       EV: 24    Int:  7    God:    Hepliaklqana [******]
Gold:   1415       SH: 29    Dex: 21    Spells: 22/22 levels left

rFire    . . .     SeeInvis +   a - +9 dagger (elec)
rCold    . . .     Faith    .   K - +10 tower shield of Ignorance {rN+ Int-4}
rNeg     + + +     Spirit   +   E - +4 ring mail "Ogyuhaira" {rN++ Str+4}
rPois    .         Reflect  .   w - +2 helmet
rElec    .         Harm     .   c - +2 cloak
rCorr    .         Rampage  .   D - +2 pair of gloves
Will     ++...                  h - +2 pair of boots {Stlth+}
Stlth    ++++++....             M - amulet of regeneration
HPRegen  2.31/turn              C - ring of see invisible
MPRegen  0.23/turn              Z - +4 ring of evasion

@: about to teleport
A: reduced essence, fangs 3, regeneration 1, magic shield, antimagic bite, no
potion heal 2
}: 2/15 runes: decaying, gossamer
a: Renounce Religion, Recall Ancestor, Ancestor Identity, Transference, Idealise


You were on level 1 of the Crypt.
You worshipped Hepliaklqana.
Hepliaklqana was exalted by your worship.
You visited 9 branches of the dungeon, and saw 42 of its levels.
You also visited: Ossuary and Ice Cave.

You collected 5962 gold pieces.
You spent 4547 gold pieces at shops.

Inventory:

Hand Weapons
 a - a +9 dagger of electrocution (weapon)
 b - a +8 demon blade of flaming
Missiles
 d - 8 silver boomerangs
 e - 16 curare-tipped darts {!f}
 F - 46 boomerangs (quivered)
 V - 2 throwing nets
Armour
 c - a +2 cloak (worn)
 h - a +2 pair of boots of stealth (worn)
 w - a +2 helmet (worn)
 B - a +4 scale mail of poison resistance
 D - a +2 pair of gloves (worn)
 E - the +4 ring mail "Ogyuhaira" (worn) {rN++ Str+4}
   (You bought it in a shop on level 9 of the Dungeon)

   It affects your strength (+4).
   It greatly protects you from negative energy.
 K - the +10 tower shield of Ignorance (worn) {rN+ Int-4}
   (You took it off Louise on level 3 of the Swamp)

   It affects your intelligence (-4).
   It protects you from negative energy.
Jewellery
 g - a ring of protection from fire
 C - a ring of see invisible (left hand)
 M - an amulet of regeneration (around neck)
 O - the ring of Truth {rC+ rCorr Int+3}
   (You bought it in a shop on level 1 of the Vaults)

   [ring of resist corrosion]

   It affects your intelligence (+3).
   It protects you from cold.
   It protects you from acid and corrosion.
 S - an amulet of reflection
 Y - a ring of willpower
 Z - a +4 ring of evasion (right hand)
Wands
 l - a wand of acid (27)
 s - a wand of charming (14)
 v - a wand of digging (24)
 x - a wand of mindburst (10)
 G - a wand of iceblast (34)
 P - a wand of paralysis (19)
Scrolls
 f - 3 scrolls of holy word
 k - 8 scrolls of magic mapping
 q - 4 scrolls of summoning
 r - 8 scrolls of fog
 y - 13 scrolls of fear
 z - 2 scrolls of blinking
 A - 9 scrolls of teleportation
 N - 2 scrolls of enchant armour
 R - a scroll of silence
Potions
 j - 9 potions of mutation
 m - 14 potions of curing
 n - 4 potions of might
 o - 5 potions of magic
 p - 4 potions of resistance
 t - 4 potions of lignification
 u - 5 potions of haste
 H - 3 potions of berserk rage
 Q - 7 potions of ambrosia
 T - 9 potions of attraction
 U - 5 potions of flight
 W - 4 potions of invisibility
 X - 2 potions of cancellation
Miscellaneous
 i - a phantom mirror
 I - a condenser vane
 J - a phial of floods
 L - a tin of tremorstones (2/2)


   Skills:
 + Level 21.2 Fighting
 - Level 10.2(12.8) Short Blades
 - Level 12.7(14.0) Long Blades
 - Level 1.7 Throwing
 * Level 9.6 Armour
 * Level 15.7 Dodging
 - Level 12.0 Stealth
 - Level 12.0 Shields
 - Level 12.1 Invocations
 - Level 12.0 Evocations


You had 22 spell levels left.
You didn't know any spells.
Your spell library contained the following spells:

 Spells                   Type           Power      Damage    Failure   Level
 Corona                   Hex            0%         N/A       98%         1
 Foxfire                  Conj/Fire      0%         2x1d4     98%         1
 Sandblast                Erth           0%         2d4       98%         1
 Summon Small Mammal      Summ           0%         N/A       98%         1
 Blink                    Tloc           N/A        N/A       99%         2
 Call Imp                 Summ           0%         N/A       99%         2
 Passwall                 Tmut/Erth      0%         N/A       99%         2
 Slow                     Hex            0%         N/A       99%         2
 Call Canine Familiar     Summ           0%         N/A       100%        3
 Conjure Flame            Conj/Fire      0%         6-21      100%        3
 Gell's Gravitas          Tloc           0%         N/A       100%        3
 Inner Flame              Hex/Fire       0%         N/A       100%        3
 Lesser Beckoning         Tloc           0%         N/A       100%        3
 Portal Projectile        Hex/Tloc       0%         N/A       100%        3
 Stone Arrow              Conj/Erth      0%         3d7       100%        3
 Summon Guardian Golem    Hex/Summ       0%         N/A       100%        3
 Teleport Other           Tloc           0%         N/A       100%        3
 Animate Dead             Necr           0%         N/A       100%        4
 Cause Fear               Hex            0%         N/A       100%        4
 Leda's Liquefaction      Hex/Erth       0%         N/A       100%        4
 Petrify                  Tmut/Erth      0%         N/A       100%        4
 Sticky Flame             Conj/Fire      0%         2d3       100%        4
 Summon Ice Beast         Ice/Summ       0%         N/A       100%        4
 Summon Lightning Spire   Summ/Air       0%         N/A       100%        4
 Borgnjor's Vile Clutch   Necr/Erth      0%         N/A       100%        5
 Fireball                 Conj/Fire      0%         3d3       100%        5
 Lee's Rapid Deconstruct  Erth           0%         3d5*      100%        5
 Manifold Assault         Tloc           0%         N/A       100%        5
 Death Channel            Necr           0%         N/A       100%        6
 Simulacrum               Ice/Necr       0%         N/A       100%        6


Dungeon Overview and Level Annotations

Branches:
Dungeon (15/15)            Temple (1/1) D:5            Lair (6/6) D:10
  Swamp (4/4) Lair:2       Spider (4/4) Lair:3        Slime (0/5) Lair:6
    Orc (2/2) D:11            Elf (0/3) Orc:2        Vaults (4/5) D:14
  Crypt (1/3) Vaults:3     Depths (5/5) D:15        Ossuary (visited)
  IceCv (visited)
    Zot: Depths:5

Altars:
Ashenzari
Cheibriados
Dithmenos
Elyvilon
Fedhas
Gozag
Hepliaklqana
Kikubaaqudgha
Makhleb
Nemelex Xobeh
Okawaru
Qazlal
Ru
Sif Muna
Trog
Uskayaw
Vehumet
Wu Jian
Xom
Yredelemnul
Zin
The Shining One
Beogh

Shops:
D:8 ?   D:9 *   D:15 *   Orc:1 *   Orc:2 *(:[   Vaults:1 ::=   Vaults:3 ?
Depths:1 ![

Portals:
Hell: Depths:1 Depths:2 Depths:3 Depths:4 Depths:5
Abyss: Depths:2 Depths:3 Depths:4
Pandemonium: Depths:3
Trove: Depths:2 (give horn of Geryon)

Annotations:
Crypt:1 Sojobo
Depths:3 exclusions: eye of devastation, great orb of eyes and shining eye


Innate Abilities, Weirdness & Mutations

Your life essence is reduced to manifest your ancestor. (-10% HP)
You have razor-sharp teeth.
Your natural rate of healing is unusually fast.
When hurt, damage is shared between your health and your magic reserves.
Your bite disrupts and absorbs the magic of your enemies.
Potions cannot restore your health.


Message History

The air elemental completely resists.
The bolt of lightning hits you!!!
The tengu reaver barely misses Servia.
The tengu reaver hits you but does no damage.
The tengu reaver pecks Servia.
The tengu reaver claws Servia but does no damage.
You closely miss the tengu reaver. Your bite misses the tengu reaver.
The tengu reaver is severely wounded.
You are engulfed in raging winds.
Servia is destroyed!
The winds around the air elemental start to calm down.
The tengu reaver shouts!
The winds around the air elemental start to calm down.
You block the air elemental's attack. x3; The air elemental hits you.
* * * LOW HITPOINT WARNING * * *
The air elemental hits you but does no damage.
You block the air elemental's attack.
The tengu reaver hits you with a +0 long sword.
* * * LOW HITPOINT WARNING * * *
The tengu reaver pecks you.
* * * LOW HITPOINT WARNING * * *
The tengu reaver claws you.
* * * LOW HITPOINT WARNING * * *
The tengu reaver hits you but does no damage.
The tengu reaver pecks you.
* * * LOW HITPOINT WARNING * * *
You block the tengu reaver's attack.
Sojobo waves her feathered arms in wide circles.
The air twists around and strikes you!!
* * * LOW HITPOINT WARNING * * *
Unknown command.
Blink to where?
Press: ? - help, Dir - move target
As you read the scroll of blinking, it crumbles to dust.
As you read the scroll of teleportation, it crumbles to dust.
You feel strangely unstable.
You float gracefully downwards.
The tengu reaver casts a spell at you. The bolt of acid hits you!!
* * * LOW HITPOINT WARNING * * *
You are splashed with acid!
You die...

#.§§§§§§§§§..'....
#.§§§§§§Q§§..'....
#.§§§Q§§#§§.##....
#.§§Q§§§#§..##....
#..§§§§§#...###...
#.$.EE..#.....'...
#..E....#.....'...
#.......#.....'...
#@......'.....#...
#.......'...#.#...
#.......'...#.#...
##..(...#..##.##.#
#+++####..##.##+#
#..##.# #..##.#
....... ......


You could see Sojobo (repels missiles, invisible), 2 tengu reavers and 3 air
elementals.

Vanquished Creatures
  Mara (Swamp:3)
  A juggernaut (Depths:5)
  Boris (Crypt:1)
  the Lernaean hydra (Swamp:4)
  Bai Suzhen (Spider:3)
  Xtahua (Crypt:1)
  4 caustic shrikes (Depths:2)
  2 golden dragons
  Arachne (Spider:4)
  4 liches
  Jorgrun (Swamp:1)
  A quicksilver dragon (Depths:4)
  A titan (Depths:3)
  Asterion (Depths:2)
  Rupert (D:13)
  7 sphinxes
  A revenant (Vaults:3)
  5 tengu reavers
  A shadow dragon (Depths:4)
  9 fire giants
  3 frost giants
  A deep elf sorcerer (Depths:4)
  2 orc warlords
  Louise (Swamp:3)
  6 vault wardens
  A spriggan defender (Depths:4)
  13 ironbound preservers
  3 ghost moths
  A reaper (Depths:2)
  7 emperor scorpions
  16 stone giants
  7 war gargoyles
  18 very ugly things
  7 vampire knights
  4 bunyips
  5 dire elephants
  Nessos (Lair:4)
  7 spark wasps
  4 entropy weavers
  An eidolon (Vaults:3)
  4 ettins
  A deep elf death mage (Crypt:1)
  4 crystal guardians
  A blizzard demon (Depths:2)
  A fire dragon (shapeshifter) (Vaults:2)
  5 eleionomae
  10 great orbs of eyes
  2 jiangshi (Depths:2)
  10 fire dragons
  9 ice dragons
  3 ironbound thunderhulks
  4 rakshasas
  5 yaktaur captains
  4 peacekeepers
  5 vault guards (Vaults:1)
  7 boulder beetles
  6 ironbound frosthearts
  4 catoblepae (Lair:6)
  2 spriggan air magi (Depths:3)
  20 hydras
  2 death knights
  12 centaur warriors
  A hell beast (Depths:1)
  An anaconda (D:15)
  7 deep troll earth magi
  4 two-headed ogres
  4 deep troll shamans
  6 death yaks
  10 alligators
  5 vampire magi
  3 ironbound beastmasters
  5 tengu warriors
  4 hell hogs
  Urug (Lair:4)
  6 spriggan berserkers
  7 hell knights
  3 sun demons (Depths:1)
  A fire crab (Lair:6)
  11 skeletal warriors
  2 iron trolls (Depths:5)
  A sixfirhy (Depths:3)
  3 soul eaters
  A flayed ghost (Crypt:1)
  A golden dragon zombie (D:15)
  9 swamp dragons
  45 deep trolls
  A death drake (Swamp:4)
  4 glowing orange brains
  3 phantasmal warriors
  An iron giant skeleton (Crypt:1)
  4 bog bodies
  10 wizards
  2 harpies
  8 ironbound convokers
  11 orb spiders
  A lindwurm (Vaults:1)
  2 necromancers
  5 large abominations (D:9)
  3 manticores
  11 orc knights
  2 deep elf pyromancers
  29 wolf spiders
  2 tengu skeletons
  6 orc sorcerers
  25 ugly things
  7 oklob plants
  A frost giant zombie (D:15)
  A salamander (Depths:1)
  4 cyclopes
  3 black mambas
  2 will-o-the-wisps
  A moth of wrath (Spider:4)
  5 elephants (Lair:4)
  18 vault sentinels
  A guardian serpent (shapeshifter) (Depths:3)
  A black mamba (shapeshifter) (D:14)
  2 smoke demons (Depths:1)
  A gargoyle (D:14)
  2 elf skeletons
  11 cane toads
  3 torpor snails
  Maggie (D:6)
  3 centaur zombies
  A titan simulacrum (Vaults:1)
  A catoblepas zombie (Crypt:1)
  4 rime drakes
  An orange demon (Depths:3)
  2 ice devils (Lair:5)
  An unseen horror (D:8)
  7 yaktaurs
  3 komodo dragons
  A hellwing (Depths:3)
  3 kobold demonologists
  A yaktaur (shapeshifter) (D:13)
  3 tengu conjurers
  24 polar bears
  12 demonic crawlers
  A white draconian skeleton (Crypt:1)
  30 jumping spiders
  4 trolls
  A sphinx simulacrum (Vaults:4)
  12 hornets
  5 meliai
  5 tyrant leeches
  27 slime creatures
  10 blink frogs
  A meliai zombie (D:10)
  A stone giant simulacrum (Vaults:1)
  28 tarantellas
  8 wyverns
  Sigmund (D:4)
  57 redbacks
  6 wraiths
  7 spriggans
  78 yaks
  14 humans
  5 basilisks
  A steam dragon (D:10)
  2 water elementals
  A golden eye (shapeshifter) (D:12)
  2 vampire mosquitoes (D:13)
  A neqoxec (Depths:3)
  5 wargs
  Menkaure (D:5)
  13 swamp worms
  A naga (shapeshifter) (D:14)
  2 floating eyes
  2 hydra simulacra (Swamp:2)
  18 water moccasins
  2 ice beasts
  23 orc warriors
  4 swamp drakes (Swamp:4)
  8 black bears (Lair:3)
  5 boggarts (Vaults:2)
  5 ogres
  11 wolves (IceCv)
  8 centaurs
  A phantom (D:4)
  2 kobold brigands
  11 bullfrogs
  5 scorpions
  A salamander skeleton (Crypt:1)
  6 small abominations (D:9)
  5 hexers
  A human simulacrum (Vaults:4)
  23 killer bees
  7 wights
  3 electric eels
  9 howler monkeys
  A centaur skeleton (D:7)
  2 hounds
  2 jellies
  A bullfrog zombie (D:7)
  19 orc priests
  A bullfrog skeleton (D:5)
  Crazy Yiuf (D:4)
  3 gnoll shamans
  3 iguanas
  9 orc wizards
  A killer bee zombie (D:8)
  13 gnolls
  A howler monkey skeleton (D:7)
  9 adders
  A white imp (D:7)
  2 adder zombies (Ossuary)
  An adder skeleton (D:4)
  3 dart slugs
  A worm (D:2)
  48 orcs
  5 endoplasms
  2 giant cockroaches (D:1)
  2 goblins (D:2)
  4 hobgoblins
  9 jackals
  20 kobolds
  5 quokkas
  5 ball pythons
  2 ball python skeletons (Ossuary)
  9 bats
  2 frilled lizards (D:1)
  A hobgoblin skeleton (Ossuary)
  A kobold zombie (Ossuary)
  6 rats
1361 creatures vanquished.

Vanquished Creatures (collateral kills)
  A golden dragon (Depths:3)
  A sphinx (Depths:4)
  A fire giant (Depths:1)
  A frost giant (Depths:3)
  An iron dragon (Depths:2)
  3 ghost moths
  An emperor scorpion (Spider:4)
  A war gargoyle (Vaults:1)
  A spriggan defender (Depths:4)
  An ironbound preserver (Vaults:4)
  A very ugly thing (Vaults:3)
  A stone giant (Depths:3)
  A spark wasp (Spider:4)
  A crystal guardian (Vaults:4)
  A fire dragon (Depths:2)
  2 great orbs of eyes
  A yaktaur captain (Vaults:2)
  A rakshasa (Depths:1)
  A hell beast (Depths:2)
  An ice dragon (Swamp:2)
  A catoblepas (Lair:6)
  2 two-headed ogres (D:9)
  3 deep troll earth magi
  A deep troll shaman (Depths:1)
  A tengu warrior (Depths:5)
  A soul eater (D:15)
  An ironbound beastmaster (Vaults:2)
  An orc high priest (Orc:2)
  2 hell knights (Depths:3)
  3 iron trolls
  A skeletal warrior (Crypt:1)
  7 slime creatures
  A goliath frog (Swamp:1)
  A spriggan druid (Swamp:3)
  4 deep trolls
  3 swamp dragons
  A wizard (Vaults:1)
  An ironbound convoker (Vaults:3)
  A phantasmal warrior (Crypt:1)
  2 wolf spiders (Spider:3)
  A necromancer (D:15)
  7 ugly things
  A manticore (D:14)
  A sphinx skeleton (Crypt:1)
  3 vault sentinels
  A black mamba (Lair:6)
  A moth of wrath (Spider:4)
  A smoke demon (Depths:1)
  A cane toad (Lair:4)
  2 torpor snails
  2 rime drakes
  A komodo dragon (Lair:4)
  3 demonic crawlers
  A tormentor (Depths:3)
  12 jumping spiders
  A tyrant leech (Swamp:2)
  3 polar bears
  A meliai (Spider:1)
  A hornet (Swamp:1)
  A queen bee (Spider:1)
  4 blink frogs
  18 redbacks
  A small abomination (D:9)
  11 yaks
  4 tarantellas
  3 wraiths
  2 spriggans
  3 water elementals
  2 humans (D:14)
  A steam dragon (D:8)
  A basilisk (Lair:1)
  An acid dragon (D:10)
  A water moccasin (Lair:1)
  A swamp drake (Swamp:4)
  3 orc warriors
  A necrophage (D:8)
  A dream sheep skeleton (Crypt:1)
  2 kobold brigands (D:14)
  2 bullfrogs
  4 killer bees (Spider:1)
  A howler monkey (D:14)
  4 orc priests
  2 orc wizards (Orc:2)
  A gnoll (Orc:2)
  An adder zombie (Ossuary)
  6 orcs
  A hobgoblin skeleton (Ossuary)
188 creatures vanquished.

Vanquished Creatures (others)
  A will-o-the-wisp (Swamp:4)
  2 bloated husks
  A hornet (Spider:4)
  A swamp worm (Swamp:4)
  A water moccasin zombie (D:5)
  60 hexers
  An iguana (D:5)
  3 ancestors
  12 foxfires (Swamp:4)
  11 fungi
  40 plants
  2 withered plants (D:15)
135 creatures vanquished.

Grand Total: 1684 creatures vanquished

Notes
Turn   | Place    | Note
-------+----------+-------------------------------------------
     0 | D:1      | tilp the Vine Stalker Brigand began the quest for the Orb.
     0 | D:1      | Reached XP level 1. HP: 11/11 MP: 2/2
    98 | D:1      | Reached skill level 2 in Fighting
   100 | D:1      | Reached XP level 2. HP: 15/15 MP: 1/3
   314 | D:1      | Found a faded altar of an unknown god.
   649 | D:1      | Reached XP level 3. HP: 19/19 MP: 2/4
  1200 | D:2      | Reached skill level 3 in Fighting
  1200 | D:2      | Gained mutation: Your natural rate of healing is unusually
                  | fast. [Vine Stalker growth]
  1200 | D:2      | Reached XP level 4. HP: 24/24 MP: 3/5
  1768 | D:3      | Reached XP level 5. HP: 21/28 MP: 4/6
  2246 | D:4      | Noticed Sigmund
  2257 | D:4      | Killed Sigmund
  2258 | D:4      | Reached skill level 4 in Fighting
  2258 | D:4      | Reached XP level 6. HP: 23/34 MP: 5/7
  2768 | D:4      | Reached XP level 7. HP: 37/38 MP: 6/8
  2892 | D:4      | Found a runed translucent door.
  2893 | D:4      | Noticed Crazy Yiuf
  3053 | D:5      | Entered Level 5 of the Dungeon
  3062 | D:5      | Reached skill level 5 in Fighting
  3062 | D:5      | Reached skill level 5 in Short Blades
  3379 | D:5      | Gained mutation: You have razor-sharp teeth. [Vine Stalker
                  | growth]
  3379 | D:5      | Reached XP level 8. HP: 28/44 MP: 5/9
  3431 | D:5      | Reached skill level 6 in Fighting
  3450 | D:5      | Reached skill level 1 in Dodging
  3483 | D:5      | Found a radiant altar of Vehumet.
  3498 | D:5      | Noticed a yak
  3498 | D:5      | Noticed a yak
  3498 | D:5      | Noticed a yak
  3498 | D:5      | Noticed a yak
  3498 | D:5      | Noticed a yak
  3501 | D:5      | Noticed a yak
  3511 | D:5      | Killed a yak
  3514 | D:5      | Killed a yak
  3519 | D:5      | Killed a yak
  3523 | D:5      | Killed a yak
  3537 | D:5      | Killed a yak
  3538 | D:5      | Reached XP level 9. HP: 12/48 MP: 3/10
  3779 | D:5      | Found a staircase to the Ecumenical Temple.
  3826 | D:5      | Noticed Menkaure
  3836 | D:5      | Killed Menkaure
  3899 | Temple   | Entered the Ecumenical Temple
  4120 | Temple   | Became a worshipper of Hepliaklqana the Forgotten
  4331 | D:6      | Noticed Maggie
  4493 | D:6      | Killed Maggie
  4494 | D:6      | Reached skill level 10 in Short Blades
  4885 | D:7      | Reached skill level 5 in Stealth
  5060 | D:7      | Found a sand-covered staircase.
  5069 | Ossuary  | Entered an ossuary
  5080 | Ossuary  | Reached * piety under Hepliaklqana
  5248 | Ossuary  | Reached XP level 10. HP: 41/47 MP: 11/11
  5444 | D:7      | Reached skill level 7 in Fighting
  5741 | D:7      | Found a sacrificial altar of Ru.
  6067 | D:8      | Found an iron altar of Okawaru.
  6071 | D:8      | Found a sparkling altar of Nemelex Xobeh.
  6071 | D:8      | Found a shimmering blue altar of Sif Muna.
  6153 | D:8      | Reached ** piety under Hepliaklqana
  6318 | D:8      | HP: 1/49 [poisoned by a hornet]
  6519 | D:8      | Found Waode's Magic Scroll Shoppe.
  6523 | D:8      | Bought a scroll of blinking for 112 gold pieces
  6523 | D:8      | Bought a scroll of teleportation for 45 gold pieces
  6523 | D:8      | Bought a scroll of teleportation for 45 gold pieces
  6675 | D:8      | Killed an unseen horror
  6676 | D:8      | Reached skill level 8 in Fighting
  6676 | D:8      | Reached skill level 5 in Dodging
  6921 | D:9      | Noticed a two-headed ogre
  7496 | D:9      | Killed a two-headed ogre
  7594 | D:9      | Reached XP level 11. HP: 54/54 MP: 9/12
  7610 | D:9      | Remembered your ancestor Servia as a hexer
  7691 | D:9      | Reached skill level 9 in Fighting
  7770 | D:9      | Found Yplint's Assorted Antiques.
  7774 | D:9      | Noticed a two-headed ogre
  7788 | D:9      | Killed a two-headed ogre
  7813 | D:9      | Bought a pearl-encrusted ring mail for 162 gold pieces
  7813 | D:9      | Identified the +4 ring mail "Ogyuhaira" {rN++ Str+4} (You
                  | bought it in a shop on level 9 of the Dungeon)
  7870 | D:9      | Noticed a two-headed ogre
  7879 | D:9      | Killed a two-headed ogre
  7929 | D:9      | Reached skill level 10 in Fighting
  8021 | D:9      | Noticed a large abomination
  8022 | D:9      | Noticed a large abomination
  8049 | D:9      | Reached skill level 1 in Armour
  8062 | D:9      | Killed a large abomination
  8216 | D:9      | Noticed a large abomination
  8216 | D:9      | Noticed a large abomination
  8432 | D:9      | Killed a large abomination
  8463 | D:9      | Found a glowing golden altar of the Shining One.
  8464 | D:9      | Found a snail-covered altar of Cheibriados.
  8603 | D:9      | Killed a large abomination
  8712 | D:9      | Killed a large abomination
  8830 | D:9      | Noticed a wizard
  8842 | D:9      | Killed a wizard
  8959 | D:10     | Entered Level 10 of the Dungeon
  8962 | D:10     | Identified the +6 hand axe of Destruction {vorpal, rElec
                  | rF+ rN+ Str+3}
  8968 | D:10     | Found a staircase to the Lair.
  9041 | D:10     | Reached *** piety under Hepliaklqana
  9067 | D:10     | Reached skill level 1 in Shields
  9229 | D:10     | Noticed a sixfirhy
  9507 | D:11     | Noticed a two-headed ogre
  9517 | D:11     | Killed a two-headed ogre
  9518 | D:11     | Reached XP level 12. HP: 60/60 MP: 13/13
  9665 | D:11     | Found a staircase to the Orcish Mines.
  9809 | D:11     | Noticed a seven-headed hydra
  9814 | D:11     | Killed a seven-headed hydra
 10386 | Lair:1   | Entered Level 1 of the Lair of Beasts
 10638 | Lair:1   | Reached skill level 11 in Fighting
 10800 | Lair:1   | Reached **** piety under Hepliaklqana
 11275 | Lair:2   | Noticed a six-headed hydra
 11286 | Lair:2   | Killed a six-headed hydra
 11366 | Lair:2   | Reached skill level 12 in Fighting
 11416 | Lair:2   | Found a staircase to the Swamp.
 11557 | Lair:2   | Reached skill level 1 in Invocations
 11570 | Lair:2   | Reached XP level 13. HP: 63/67 MP: 13/15
 11659 | Lair:2   | Reached skill level 5 in Evocations
 12450 | Lair:3   | Reached ***** piety under Hepliaklqana
 12463 | Lair:3   | Found a hole to the Spider Nest.
 13085 | Lair:3   | Identified a scroll of acquirement
 13085 | Lair:3   | Acquired 493 gold pieces
 13443 | Lair:4   | Acquired 1122 gold pieces
 13768 | Lair:4   | Noticed Nessos
 13778 | Lair:4   | Killed Nessos
 13843 | Lair:4   | Reached skill level 13 in Fighting
 14163 | Lair:4   | Noticed Urug
 14205 | Lair:4   | Killed Urug
 14525 | Lair:5   | Reached XP level 14. HP: 73/73 MP: 18/18
 14544 | Lair:5   | Found a frozen archway.
 14623 | IceCv    | Entered an ice cave
 14800 | IceCv    | Reached skill level 10 in Dodging
 15196 | IceCv    | Noticed a frost giant
 15220 | IceCv    | Killed a frost giant
 15221 | IceCv    | Reached skill level 14 in Fighting
 16131 | Lair:5   | Upgraded the game from 0.27-a0-906-g0a00ce863d to
                  | 0.27-a0-909-g0721f309d1
 16158 | Lair:6   | Entered Level 6 of the Lair of Beasts
 16161 | Lair:6   | Reached ****** piety under Hepliaklqana
 16682 | Lair:6   | Found a shimmering altar of Xom.
 16719 | Lair:6   | Reached skill level 15 in Fighting
 17330 | Lair:6   | Reached skill level 5 in Invocations
 17559 | Lair:6   | Reached XP level 15. HP: 63/81 MP: 18/20
 17606 | Lair:6   | Acquired a +2 pair of boots of stealth
 18715 | Orc:1    | Entered Level 1 of the Orcish Mines
 18715 | Orc:1    | Found Zodoi's General Store.
 19092 | Orc:2    | Entered Level 2 of the Orcish Mines
 19725 | Orc:2    | Noticed an orc warlord
 19740 | Orc:2    | Killed an orc warlord
 19754 | Orc:2    | Found Giudgh's Antique Armour Shoppe.
 19814 | Orc:2    | Found Ryazxia's Book Shoppe.
 19830 | Orc:2    | Found Atoimowk's General Store.
 19870 | Orc:2    | Reached skill level 10 in Stealth
 20035 | Orc:2    | Found a staircase to the Elven Halls.
 20112 | Orc:2    | Found Nitwunn's Antique Weapon Shoppe.
 20539 | Orc:2    | Bought a faintly glowing scale mail for 279 gold pieces
 20539 | Orc:2    | Identified the +1 scale mail of Sharp New Discoveries
                  | {Will+ Str+4} (You bought it in a shop on level 2 of the
                  | Orcish Mines)
 20564 | Orc:2    | Bought a glowing hat for 217 gold pieces
 20564 | Orc:2    | Bought a runed hat for 217 gold pieces
 20688 | D:13     | Identified the +5 war axe of Reutin {drain, Contam rElec
                  | Will+ SInv}
 20720 | D:13     | Noticed Rupert
 20732 | D:13     | Killed Rupert
 21532 | D:14     | Found a gate to the Vaults.
 21540 | D:14     | Reached skill level 5 in Armour
 22682 | D:14     | Found a glowing silver altar of Zin.
 22682 | D:14     | Noticed an angel
 22760 | D:14     | Reached XP level 16. HP: 78/85 MP: 19/21
 22813 | D:15     | Entered Level 15 of the Dungeon
 22974 | D:15     | Found a staircase to the Depths.
 23428 | D:15     | Found Vauth's Serpentskin Sales.
 24383 | Swamp:1  | Entered Level 1 of the Swamp
 25250 | Swamp:2  | Noticed Jorgrun
 25279 | Swamp:1  | Killed Jorgrun
 25280 | Swamp:1  | Reached skill level 16 in Fighting
 26335 | Swamp:3  | Noticed Louise
 26341 | Swamp:3  | Killed Louise
 26901 | Swamp:3  | Noticed Mara
 27195 | Swamp:3  | Noticed tilp's illusion
 27207 | Swamp:3  | Killed Mara
 27208 | Swamp:3  | Reached XP level 17. HP: 46/91 MP: 16/22
 27308 | Swamp:4  | Entered Level 4 of the Swamp
 27452 | Swamp:4  | Reached skill level 17 in Fighting
 27737 | Swamp:4  | Identified the ring of Maek Fir {rF+ rC- Str+6}
 28497 | Swamp:4  | Noticed the 27-headed Lernaean hydra
 28576 | Swamp:4  | Killed the 27-headed Lernaean hydra
 29130 | Swamp:4  | Reached skill level 18 in Fighting
 29174 | Swamp:4  | Got a decaying rune of Zot
 29422 | Spider:1 | Entered Level 1 of the Spider Nest
 29605 | Lair:3   | Reached skill level 5 in Shields
 30315 | D:9      | Bought a square copper amulet for 90 gold pieces
 30477 | D:4      | Killed Crazy Yiuf
 31187 | Spider:2 | Reached XP level 18. HP: 66/98 MP: 23/23
 32409 | Spider:3 | Noticed Bai Suzhen
 32768 | Spider:3 | Reached skill level 10 in Shields
 33024 | Spider:3 | HP: 3/98 [rock wall collision (2)]
 33234 | Spider:3 | Killed Bai Suzhen
 33657 | Spider:3 | Upgraded the game from 0.27-a0-909-g0721f309d1 to
                  | 0.27-a0-920-gb2bd10914a
 33682 | Spider:4 | Entered Level 4 of the Spider Nest
 34237 | Spider:4 | Noticed Arachne
 34260 | Spider:4 | Killed Arachne
 34499 | Spider:4 | Reached skill level 10 in Evocations
 34843 | Spider:4 | Reached XP level 19. HP: 102/102 MP: 24/26
 35179 | Spider:4 | Got a gossamer rune of Zot
 35508 | Vaults:1 | Entered Level 1 of the Vaults
 35508 | Vaults:1 | Found Puosydd's Jewellery Shoppe.
 35518 | Vaults:1 | Bought an amulet of regeneration for 450 gold pieces
 35783 | Vaults:1 | Found Sinipn's Book Shop.
 36174 | Vaults:1 | Reached skill level 10 in Invocations
 36577 | Vaults:1 | Found Yrugokh's Book Emporium.
 37904 | Vaults:2 | Reached XP level 20. HP: 107/107 MP: 29/29
 39017 | Vaults:3 | Found a staircase to the Crypt.
 39602 | Vaults:3 | Found Yweq's Magic Scroll Boutique.
 39614 | Vaults:3 | Bought a scroll of silence for 82 gold pieces
 39614 | Vaults:3 | Bought a scroll of acquirement for 572 gold pieces
 39614 | Vaults:3 | Bought a scroll of blinking for 82 gold pieces
 39614 | Vaults:3 | Bought a scroll of fear for 38 gold pieces
 39614 | Vaults:3 | Bought a scroll of teleportation for 33 gold pieces
 39614 | Vaults:3 | Acquired a manual of Fighting
 40618 | Vaults:4 | Reached skill level 19 in Fighting
 40642 | Vaults:4 | Reached XP level 21. HP: 106/113 MP: 28/31
 40753 | Vaults:4 | Noticed a golden dragon
 41345 | Depths:1 | Entered Level 1 of the Depths
 41740 | Depths:1 | Found Vyana's Distillery.
 41745 | Depths:1 | Found Wim Pisk's Antique Armour Shop.
 41811 | Depths:1 | Reached skill level 20 in Fighting
 41885 | Depths:1 | Found a gateway to Hell.
 42114 | Depths:1 | Identified the +9 hand axe "Nineol Xopp" {holy, rF+ rN+
                  | SInv}
 42657 | Depths:2 | Found a one-way gate to the infinite horrors of the Abyss.
 42803 | Depths:2 | Noticed a caustic shrike
 42804 | Depths:2 | Noticed a caustic shrike
 42805 | Depths:2 | Killed a caustic shrike
 42806 | Depths:2 | Noticed a caustic shrike
 42806 | Depths:2 | Noticed a caustic shrike
 42820 | Depths:2 | Killed a caustic shrike
 42828 | Depths:2 | Killed a caustic shrike
 42841 | Depths:2 | Killed a caustic shrike
 42846 | Depths:2 | Identified the +2 short sword "Uhuugiduiz" {drain, Will+
                  | Str+4 Int+4}
 43103 | Depths:2 | Reached skill level 21 in Fighting
 43173 | Depths:2 | Reached XP level 22. HP: 121/121 MP: 32/32
 43393 | Depths:2 | Noticed Asterion
 43402 | Depths:2 | Killed Asterion
 43465 | Depths:2 | Found a portal to a secret trove of treasure.
 43724 | Depths:2 | Reached skill level 15 in Dodging
 43754 | Depths:3 | Reached skill level 1 in Long Blades
 44099 | Depths:3 | Reached skill level 5 in Long Blades
 44233 | Depths:3 | Found a one-way gate leading to the halls of Pandemonium.
 44615 | Depths:3 | Noticed a golden dragon
 44645 | Depths:3 | Killed a golden dragon
 44756 | Depths:3 | Noticed a golden dragon
 44903 | Depths:3 | Killed a golden dragon
 45662 | Vaults:3 | Bought a scroll of magic mapping for 38 gold pieces
 45662 | Vaults:3 | Bought a scroll of fog for 22 gold pieces
 45875 | Orc:1    | Bought a scroll of teleportation for 39 gold pieces
 45875 | Orc:1    | Bought a scroll of teleportation for 39 gold pieces
 45919 | Orc:2    | Bought a potion of haste for 160 gold pieces
 46039 | D:8      | Bought a scroll of holy word for 112 gold pieces
 46039 | D:8      | Bought 3 scrolls of fear for 157 gold pieces
 46039 | D:8      | Bought a scroll of fear for 52 gold pieces
 46039 | D:8      | Bought a scroll of magic mapping for 52 gold pieces
 46039 | D:8      | Bought 3 scrolls of teleportation for 135 gold pieces
 46162 | Orc:2    | Bought a potion of mutation for 128 gold pieces
 46374 | Depths:1 | Bought a potion of curing for 45 gold pieces
 46374 | Depths:1 | Bought a potion of resistance for 150 gold pieces
 46374 | Depths:1 | Bought a potion of haste for 150 gold pieces
 46374 | Depths:1 | Bought a potion of mutation for 120 gold pieces
 46374 | Depths:1 | Bought a potion of cancellation for 120 gold pieces
 46466 | Vaults:1 | Bought the ring of Truth {rC+ rCorr Int+3} for 604 gold
                  | pieces
 46805 | Lair:6   | Found a staircase to the Slime Pits.
 47309 | Depths:4 | Reached skill level 10 in Long Blades
 47472 | Depths:4 | Noticed a golden dragon
 47540 | Depths:4 | Identified the +8 arbalest "Gamun" {flame, +Inv rPois Int+4
                  | Dex+5}
 47638 | Depths:4 | Reached XP level 23. HP: 125/126 MP: 33/33
 47871 | Depths:4 | Found a runed translucent door.
 48833 | Depths:4 | Killed a golden dragon
 48865 | Depths:5 | Entered Level 5 of the Depths
 48923 | Depths:5 | Found a sacrificial altar of Ru.
 49417 | Depths:5 | Found an opulent altar of Gozag.
 49717 | Depths:5 | Noticed a juggernaut
 49739 | Depths:5 | Killed a juggernaut
 50322 | Crypt:1  | Entered Level 1 of the Crypt
 50345 | Crypt:1  | Noticed Boris
 50372 | Crypt:1  | Killed Boris
 50673 | Crypt:1  | Noticed Xtahua
 50703 | Crypt:1  | Killed Xtahua
 50865 | Crypt:1  | Noticed Sojobo
 50876 | Crypt:1  | Splashed by a tengu reaver's acid

Illustrated notes

Levels and vault maps discovered:
D:1:      mrwooster_arrival_statue_2, layout_basic, basic_ecumenical_altar,
          minmay_misc_feat_rows
D:2:      layout_rooms, roderic_three_in_a_row
D:3:      layout_rooms
D:4:      minmay_razor_zed, layout_cave_pools, grunt_decor_arrowhead,
          wad_orctagon, uniq_sigmund, uniq_crazy_yiuf_cottage
D:5:      layout_cave_pools, fiery_altar_vehumet, temple_statues, uniq_menkaure
D:6:      cheibrodos_helix_gallery, layout_basic, uniq_maggie
D:7:      layout_loops_ring, overflow_temple_1_default, enter_ossuary_3
D:8:      layout_basic, minitemple, serial_shops, shop
D:9:      layout_long_grid, grunt_temple_overflow_open, serial_shops, shop,
          chequers_serial_rivers_micro_d, laboratory
D:10:     layout_basic, lair_entry_dummy
D:11:     layout_loops_cross, orc_0_dummy, kennysheep_potato
D:12:     layout_basic
D:13:     layout_roguey, uniq_rupert
D:14:     layout_gridville, david_vaults_3, zin_angel
D:15:     gammafunk_depths_entry_grave, layout_gridville, bh_walls_and_bars,
          guppyfry_shop_venom
Temple:   regret_index_temple_generic_petals
Lair:1:   wad_woods_tower, layout_regular_city, infiniplex_staircase_pool_2
Lair:2:   layout_regular_city, minmay_swamp_entry_worms, serial_bayou,
          serial_bayou_pond_b, serial_bayou_lagoon_a, serial_bayou_pond_c,
          serial_bayou_pond_b, beast_lair_carwin_3, lemuel_fruit_fields,
          infiniplex_staircase_pool, minmay_lair_oklob_chamber
Lair:3:   beast_lair_carwin_large_3, layout_regular_city, spider_nest_entry_webs
Lair:4:   layout_cellular_growth, serial_bayou_shore_b, uniq_urug, uniq_nessos
Lair:5:   layout_long_grid, portal_ice_cave_demonic_guard, wad_woods_road_03
Lair:6:   evilmike_catoblepas_cave, layout_gridlike,
          minmay_slime_entry_oklob_enclosed, lemuel_oklob_altar
Swamp:1:  layout_basic_swamp, evilmike_swamp_ruin_house_5
Swamp:2:  layout_basic_swamp, evilmike_swamp_ruin_house_3,
          hangedman_swamp_double_dragon, uniq_jorgrun
Swamp:3:  layout_falls_marsh, evilmike_swamp_ruin_house_1, uniq_louise,
          uniq_mara
Swamp:4:  swamp_old_school, layout_basic_swamp
Spider:1: layout_spider_delve, nicolae_looking_at_the_future
Spider:2: layout_spider_delve, nicolae_spider_nooks_and_crannies
Spider:3: layout_spider_delve, uniq_bai_suzhen
Spider:4: guppyfry_spider_rune, uniq_arachne
Orc:1:    layout_caves, serial_shops, shop_fountains
Orc:2:    grunt_orc_cross, layout_caves
Vaults:1: v_misc_33, ontoclasm_vaults_pinch, nicolae_vaults_holding_cells,
          vaults_mumra_chevron, nicolae_vaults_network_periphery,
          nicolae_vaults_little_squares_4, v_pattern_5, v_misc_5,
          nicolae_vaults_network_quincunx
          [nicolae_vaults_network_quincunx_subvault,
          nicolae_vaults_network_quincunx_subvault,
          nicolae_vaults_network_quincunx_subvault,
          nicolae_vaults_network_quincunx_subvault,
          nicolae_vaults_network_quincunx_subvault],
          nicolae_vaults_little_squares_3, hangedman_vaults_slice,
          hangedman_vaults_stretched_pinwheel, layout_vaults_omnicross,
          serial_shops, shop, shop, nicolae_shop_trees
Vaults:2: nicolae_vaults_asterisk, ontoclasm_vaults_ring_small, v_misc_16,
          nicolae_vaults_asterisk, v_alt_pattern_6, serial_ice_g, v_misc_28,
          v_misc_11, nicolae_vaults_alarming, st_lines,
          layout_vaults_maze_snakey
Vaults:3: vaults_room_corners, nicolae_vaults_border_crossing, v_misc_16,
          v_misc_25, hangedman_vaults_capsules, ontoclasm_vaults_shout,
          v_alt_pattern_1, vaults_dpeg_spiral, v_alt_pattern_6,
          dpeg_vaults_monster_box, layout_vaults_omnigrid,
          minmay_crypt_entry_simple_round, serial_shops, shop
Vaults:4: ontoclasm_vaults_chip, ontoclasm_vaults_ligature,
          nicolae_vaults_ring_of_whatevers, nicolae_vaults_little_squares_1,
          v_alt_pattern_4, nicolae_vaults_specimen_jars,
          nicolae_vaults_asterisk, vaults_room_stairs_pillars, v_alt_pattern_6,
          vaults_room_hallway, v_misc_3, layout_vaults_ring
Crypt:1:  layout_gridlike, uniq_sojobo, uniq_boris, uniq_donald, uniq_xtahua
Depths:1: layout_basic, hellmouth_3, evilmike_butchery, minmay_shoptagon,
          serial_bayou_shore_b
Depths:2: kennysheep_cluttered_fort, layout_long_grid, grunt_mini_vestibule,
          kennysheep_pointless_box, abyss_entry_glasseish,
          nicolae_trove_entry_columns, uniq_asterion
Depths:3: minmay_concentric_multi, layout_gridville, enter_ziggurat_d,
          hangedman_coc_ice_floe, grunt_pan_entry_zigzag, abyss_entry,
          hangedman_stitches_earthworm, serial_bayou_shore_b
Depths:4: minmay_the_grid_triangle_9x9_rhombus_full_mashed
          [minmay_the_grid_triangle_9x9_cache,
          minmay_the_grid_triangle_9x9_impossible_snake,
          minmay_the_grid_triangle_9x9_zippers_horizontal,
          minmay_the_grid_triangle_9x9_alien,
          minmay_the_grid_triangle_9x9_subtriangle,
          minmay_the_grid_triangle_9x9_longest,
          minmay_the_grid_triangle_9x9_odd_lines,
          minmay_the_grid_triangle_9x9_prize_center], layout_gridlike,
          abyss_entry_crystal, hell_entry, infiniplex_staircase_hallway_doors
Depths:5: evilmike_zot_entry_castle, layout_gridlike, grunt_gozag_breadcrumbs,
          grunt_hell_entry_dis_mu, nicolae_ru_path_of_blood

Skill      XL: |  1  2  3  4  5  6  7  8  9 10 11 12 13 14 15 16 17 18 19 20 21 22 23 |
---------------+----------------------------------------------------------------------+-----
Fighting       | 2 3 4 5 6 8 10 12 13 15 16 18 19 21 | 21.2
Short Blades   | 2 3 4 5 8 10 | 10.2
Dodging        | 2 3 6 8 9 10 12 14 15 | 15.7
Stealth        | 6 10 12 | 12.0
Armour         | 4 5 8 9 |  9.6
Evocations     | 4 6 7 8 10 11 12 | 12.0
Shields        | 3 4 7 10 11 12 | 12.0
Invocations    | 1 4 5 6 8 11 12 | 12.1
Long Blades    | 10 12 | 12.7
Throwing       | |  1.7

Action                   |  1- 3 |  4- 6 |  7- 9 | 10-12 | 13-15 | 16-18 | 19-21 | 22-24 || total
-------------------------+-------+-------+-------+-------+-------+-------+-------+-------++-------
Melee: Dagger            |   100 |   156 |   281 |   679 |  1582 |  2096 |  1387 |   974 ||  7255
       Bite              |    19 |    33 |    95 |   255 |   816 |   985 |   781 |   584 ||  3568
       Demon blade       |       |       |       |       |       |       |       |     4 ||     4
Throw: Dart              |     4 |       |     9 |    23 |    13 |     3 |       |       ||    52
       Javelin           |       |       |       |     1 |       |       |       |       ||     1
       Boomerang         |       |       |       |       |       |       |       |     1 ||     1
Invok: Ancestor Life: He |       |       |       |     1 |       |       |       |       ||     1
       Idealise          |       |       |       |       |       |     2 |     3 |     2 ||     7
       Recall Ancestor   |       |       |       |       |       |       |     3 |     1 ||     4
       Transference      |       |       |       |       |       |       |       |     1 ||     1
Evoke: Condenser vane    |       |       |       |     1 |     3 |     5 |     2 |     1 ||    12
       Wand              |       |       |       |       |     4 |     9 |     2 |       ||    15
       Phial of floods   |       |       |       |       |     1 |     2 |       |       ||     3
       Tin of tremorston |       |       |       |       |       |     3 |       |       ||     3
       Phantom mirror    |       |       |       |       |       |       |       |     1 ||     1
  Use: Scroll            |       |     1 |    10 |    15 |    11 |    12 |    14 |     4 ||    67
       Potion            |       |       |       |     2 |       |     6 |     1 |       ||     9
 Stab: Sleeping          |     1 |       |       |     5 |    29 |    25 |    45 |    26 ||   131
       Distracted        |       |       |     1 |     4 |    20 |    26 |    21 |    15 ||    87
       Confused          |       |       |       |     6 |    13 |    13 |    75 |    44 ||   151
       Paralysed         |       |       |       |       |    19 |    35 |    21 |    12 ||    87
       Held in net/web   |       |       |       |       |       |     1 |       |       ||     1
Armor: Robe              |    15 |       |       |       |       |       |       |       ||    15
       Chain mail        |    23 |    94 |    71 |   101 |       |       |       |       ||   289
       Skin              |       |       |       |    34 |       |    25 |       |       ||    59
       Ring mail         |       |       |       |    63 |   263 |   181 |   205 |   122 ||   834
       Swamp dragon scal |       |       |       |       |       |   415 |    38 |       ||   453
Dodge: Dodged            |    39 |    36 |    56 |   204 |   535 |  1287 |   522 |   252 ||  2931
Block: Buckler           |       |       |       |    59 |   563 |   347 |       |       ||   969
       Reflection        |       |       |       |       |    20 |    19 |       |       ||    39
       Tower shield      |       |       |       |       |       |  2511 |  1493 |   810 ||  4814

Table legend: (Time is in decaauts)
 A = Elapsed time spent in this place.
 B = Non-inter-level travel time spent in this place.
 C = Inter-level travel time spent in this place.
 D = Time resting spent in this place.
 E = Time spent auto-exploring this place.
 F = Levels seen in this place.
 G = Mean time per level.
                   A        B        C        D        E       F      G
               +--------+--------+--------+--------+--------+-----+--------+
         Total |  49010 |  42992 |   6018 |   5762 |  25765 |  44 | 1113.9 |
       Dungeon |  15317 |  13026 |   2291 |   1629 |   8579 |  15 | 1021.1 |
        Temple |    249 |    200 |     49 |      0 |    199 |   1 |  249.0 |
          Lair |   6871 |   5993 |    878 |    400 |   4326 |   6 | 1145.2 |
         Swamp |   5101 |   4731 |    370 |   1151 |   2509 |   4 | 1275.2 |
   Spider Nest |   5205 |   4795 |    410 |   1092 |   1813 |   4 | 1301.2 |
  Orcish Mines |   1928 |   1633 |    295 |    184 |   1006 |   2 |  964.0 |
        Vaults |   6004 |   5211 |    793 |    604 |   3142 |   4 | 1501.0 |
         Crypt |    518 |    423 |     95 |      0 |    221 |   1 |  518.0 |
        Depths |   6797 |   5961 |    836 |    498 |   3657 |   5 | 1359.4 |
       Ossuary |    281 |    281 |      0 |      0 |     60 |   1 |  281.0 |
      Ice Cave |    734 |    734 |      0 |    204 |    251 |   1 |  734.0 |
               +--------+--------+--------+--------+--------+-----+--------+

Top non-repeatable levels by time:
Vaults:1: 1782 daAuts
Depths:3: 1744 daAuts
Vaults:3: 1705 daAuts
 Swamp:4: 1685 daAuts
    D:15: 1636 daAuts
     D:8: 1593 daAuts
  Lair:6: 1567 daAuts
     D:9: 1555 daAuts
Spider:4: 1544 daAuts
Spider:3: 1505 daAuts
Depths:4: 1483 daAuts
Spider:2: 1446 daAuts
 Swamp:3: 1366 daAuts
  Lair:4: 1331 daAuts
Vaults:2: 1324 daAuts
